 Dungeon Crawl Stone Soup version 0.29.1-12-g30fa7ad0bf (webtiles) character file.

Game seed: 3084127595124629143

4092 FexLirch the Thaumaturge (level 10, -4/44 HPs)
             Began as a Spriggan Air Elementalist on Jan 13, 2023.
             Was an Initiate of Gozag.
             Killed from afar by Erolcha (22 damage)
             ... with a fireball
             ... on level 9 of the Dungeon.
             The game lasted 00:21:32 (10411 turns).

FexLirch the Thaumaturge (SpAE)                    Turns: 10411, Time: 00:21:33

Health: -4/44      AC:  7    Str:  4    XL:     10   Next: 5%
Magic:  17/34      EV: 17    Int: 20    God:    Gozag
Gold:   500        SH:  5    Dex: 17    Spells: 16/29 levels left

rFire   . . .      SeeInvis +   v - +0 short sword (speed)
rCold   . . .      Faith    .   (no shield)
rNeg    . . .      Spirit   .   L - +2 robe {Will+}
rPois   +          Reflect  +   (helmet restricted)
rElec   .          Harm     .   G - +2 cloak
rCorr   .          Rampage  .   (gloves unavailable)
Will    ++...                   (boots unavailable)
Stlth   ++........              c - amulet of reflection
HPRegen 0.14/turn               g - ring of magical power
MPRegen 0.24/turn               B - ring of poison resistance

@: very quick
A: very small, no large weapons, unfitting armour, see invisible, speed 3
a: Renounce Religion, Potion Petition, Call Merchant, Bribe Branch


You were on level 9 of the Dungeon.
You worshipped Gozag.
Gozag was pleased with you.
You visited 2 branches of the dungeon, and saw 10 of its levels.

You collected 775 gold pieces.
You spent 177 gold pieces at shops.
You paid 98 gold pieces to Gozag.

Inventory:

Hand Weapons
 v - a +0 short sword of speed (weapon)
Missiles
 u - 5 curare-tipped darts
 I - 2 throwing nets
Armour
 a - a +0 robe
 G - a +2 cloak (worn)
 L - a +2 robe of willpower (worn)
Jewellery
 c - an amulet of reflection (around neck)
 g - a ring of magical power (left hand)
 x - a ring of flight
 B - a ring of poison resistance (right hand)
Wands
 w - a wand of acid (19)
 D - a wand of flame (13)
 K - a wand of charming (13)
Scrolls
 e - 2 scrolls of vulnerability
 h - a scroll of teleportation
 i - 2 scrolls of poison
 j - a scroll of immolation {unknown}
 p - 2 scrolls of identify
 q - 2 scrolls of noise
 r - a scroll of magic mapping {unknown}
 s - a scroll of blinking {unknown}
 y - a scroll of torment
 C - a scroll of enchant weapon {unknown}
 F - a scroll of silence {unknown}
 H - a scroll of brand weapon {unknown}
 J - a scroll of summoning {unknown}
Potions
 b - 4 potions of magic
 d - 5 potions of curing
 f - 4 potions of haste
 k - a potion of ambrosia {unknown}
 l - a potion of degeneration {unknown}
 m - a potion of berserk rage {unknown}
 n - 3 potions of flight
 o - 3 potions of lignification
 t - 2 potions of brilliance
 z - 2 potions of might
 A - 4 potions of invisibility
 E - a potion of cancellation {unknown}


   Skills:
 - Level 2.6 Dodging
 - Level 3.0 Stealth
 + Level 10.4 Spellcasting
 + Level 6.4 Conjurations
 + Level 8.2 Air Magic


You had 16 spell levels left.
You knew the following spells:

 Your Spells              Type           Power      Damage    Failure   Level
a - Shock                 Conj/Air       100%       1d9       1%          1
b - Static Discharge      Conj/Air       39%        3-8/arc   1%          2
c - Swiftness             Air            43%        N/A       1%          3
d - Airstrike             Air            21%        2d(4-20)  2%          4
e - Mephitic Cloud        Conj/Pois/Air  30%        N/A       2%          3

Your spell library contained the following spells:

 Spells                   Type           Power      Damage    Failure   Level
 Apportation              Tloc           20%        N/A       7%          1
 Necrotise                Necr           40%        1d6       7%          1
 Summon Small Mammal      Summ           40%        N/A       7%          1
 Ignite Poison            Fire/Tmut/Pois 10%        N/A       21%         3
 Freezing Cloud           Conj/Ice/Air   15%        6-21      24%         5


Dungeon Overview and Level Annotations

Branches:
Dungeon (9/15)             Temple (1/1) D:6
   Lair: D:8-11         Orc: D:9-12

Altars:
Ashenzari
Dithmenos
Elyvilon
Fedhas
Gozag
Sif Muna
Trog
Yredelemnul

Shops:
D:4 **   D:5 (

Annotations:
D:4 Eustachio
D:6 exclusion: downstairs
D:7 2 transporters, Loveship's ghost, weakling FoAM; Maggie
D:9 exclusion: orange demon, Erolcha


Innate Abilities, Weirdness & Mutations

You are very small and have problems with some larger weapons.
You are too small for most types of armour.
You have supernaturally acute eyesight. (SInv)
You cover ground extremely quickly. (Speed+++)


Message History

Aiming: Airstrike (dangerous; 2% risk of failure)
Press: ? - help, Dir - move target, f/p - Erolcha
Aim: Erolcha, wielding a +0 giant spiked club and wearing a +0 robe (lightly wounded, empty space bonus: 8/8)
The air twists around and strikes Erolcha!
Erolcha is moderately wounded.
Casting: Airstrike (dangerous; 2% risk of failure)
Confirm with . or Enter, or press ? or * to list all spells.
Aiming: Airstrike (dangerous; 2% risk of failure)
Press: ? - help, Dir - move target, f/p - Erolcha
Aim: Erolcha, wielding a +0 giant spiked club and wearing a +0 robe (moderately wounded, empty space bonus: 8/8)
The air twists around and strikes Erolcha.
Erolcha is moderately wounded.
Erolcha casts a spell at you.
The fireball explodes!
The fireball engulfs you!!
You hear a shout!
Casting: Airstrike (dangerous; 2% risk of failure)
Confirm with . or Enter, or press ? or * to list all spells.
Aiming: Airstrike (dangerous; 2% risk of failure)
Press: ? - help, Dir - move target, f/p - Erolcha
Aim: Erolcha, wielding a +0 giant spiked club and wearing a +0 robe (moderately wounded, empty space bonus: 8/8)
The air twists around and strikes Erolcha!
Erolcha is heavily wounded.
Casting: Airstrike (dangerous; 2% risk of failure)
Confirm with . or Enter, or press ? or * to list all spells.
Aiming: Airstrike (dangerous; 2% risk of failure)
Press: ? - help, Dir - move target, f/p - Erolcha
Aim: Erolcha, wielding a +0 giant spiked club and wearing a +0 robe (heavily wounded, empty space bonus: 7/8)
The air twists around and strikes Erolcha.
Erolcha is heavily wounded.
A centaur comes into view.
The centaur wields a +0 shortbow.
The centaur shoots an arrow.
The arrow hits you!
You start resting.
Erolcha is nearby!
There is a stone staircase leading down here.
Erolcha gestures at you while chanting.
The fireball explodes!
The fireball engulfs you!!
Ouch! That really hurt!
You die...
Your body crumbles into a pile of gold.

[....#######...#####....
.....# #...# # #.#.##
#...# ....# #...# (.###
###...### ###
######.......#
#..........#.# #
#.#.###..#.##.# ###. ##.
#..#...@# .#.
#.#.......###### ##
.#..#.........# # $
#c#.....#.####.#
.....#.###O#
#.#.#...#.## #.......O.#
###.......# ##.....##


You could see Erolcha.

Vanquished Creatures
  Psyche (D:8)
  A komodo dragon (D:7)
  A wyvern (D:8)
  Menkaure (D:6)
  A steam dragon (D:9)
  An acid dragon (D:8)
  A water moccasin (D:7)
  2 black bears (D:6)
  A sky beast (D:6)
  An ogre (D:5)
  The ghost of hawla the Firebug, an amateur MeFE (D:3)
  4 centaurs
  A kobold brigand (D:3)
  7 bullfrogs
  4 scorpions
  5 wights (D:6)
  9 killer bees (D:8)
  2 howler monkeys (D:8)
  3 jellies
  A gnoll bouda (D:7)
  3 orc priests (D:8)
  Crazy Yiuf (D:4)
  2 hounds (D:5)
  Jessica (D:2)
  Ijyb (D:4)
  3 iguanas
  6 orc wizards
  4 gnolls (D:7)
  4 adders
  An ufetubus (D:5)
  A worm (D:3)
  A dart slug (D:1)
  15 orcs
  2 ball pythons (D:1)
  8 bats
  8 endoplasms
  A giant cockroach (D:4)
  2 hobgoblins (D:1)
  4 jackals
  12 kobolds
  5 quokkas
  4 frilled lizards
  3 goblins
  6 rats
146 creatures vanquished.

Vanquished Creatures (others)
  3 fungi (D:3)
  A plant (D:3)
4 creatures vanquished.

Grand Total: 150 creatures vanquished

Notes
Turn   | Place    | Note
-------+----------+-------------------------------------------
     0 | D:1      | FexLirch the Spriggan Air Elementalist began the quest for
                  | the Orb.
     0 | D:1      | Reached XP level 1. HP: 9/9 MP: 5/5
   203 | D:1      | Reached skill level 3 in Spellcasting
   203 | D:1      | Reached skill level 1 in Conjurations
   203 | D:1      | Reached XP level 2. HP: 13/13 MP: 0/7
   206 | D:1      | Learned a level 2 spell: Static Discharge
   686 | D:1      | Found a faded altar of an unknown god.
  1039 | D:1      | Reached XP level 3. HP: 16/16 MP: 6/8
  1350 | D:2      | Noticed Jessica
  1419 | D:2      | Killed Jessica
  1532 | D:2      | Reached XP level 4. HP: 18/21 MP: 10/10
  2267 | D:2      | Reached skill level 4 in Spellcasting
  3051 | D:3      | Found a runed translucent gate.
  3051 | D:3      | Found a runed translucent gate.
  3051 | D:3      | Found a runed translucent gate.
  3053 | D:3      | Noticed a kobold brigand
  3054 | D:3      | Noticed hawla's ghost (amateur MeFE)
  3336 | D:3      | Noticed a scorpion
  3378 | D:3      | Killed a scorpion
  3379 | D:3      | Reached XP level 5. HP: 18/24 MP: 12/12
  3795 | D:3      | Killed hawla's ghost
  3797 | D:3      | Reached skill level 5 in Spellcasting
  3797 | D:3      | Reached XP level 6. HP: 21/28 MP: 10/14
  3955 | D:4      | Found Xigephim's CLEARANCE SALE!.
  3966 | D:4      | Bought 2 potions of might for 48 gold pieces
  3966 | D:4      | Bought a scroll of torment for 57 gold pieces
  3966 | D:4      | Bought a scroll of identify for 12 gold pieces
  3966 | D:4      | Bought a potion of invisibility for 48 gold pieces
  3966 | D:4      | Bought a scroll of identify for 12 gold pieces
  4041 | D:4      | Found Ykkeoseq's Assorted Antiques.
  4058 | D:4      | Noticed Eustachio
  4064 | D:4      | Learned a level 3 spell: Swiftness
  4069 | D:4      | Learned a level 4 spell: Airstrike
  4205 | D:4      | Found a white marble altar of Elyvilon.
  4251 | D:4      | Found a basalt altar of Yredelemnul.
  4447 | D:4      | Found a runed translucent door.
  4448 | D:4      | Noticed Crazy Yiuf
  4491 | D:4      | Noticed Ijyb
  4499 | D:4      | Killed Ijyb
  4850 | D:4      | Killed Crazy Yiuf
  5174 | D:5      | Entered Level 5 of the Dungeon
  5182 | D:5      | Reached XP level 7. HP: 16/32 MP: 15/16
  5449 | D:5      | Reached skill level 6 in Spellcasting
  5525 | D:5      | Found Ililapa's Weapon Shoppe.
  5674 | D:5      | Reached skill level 5 in Air Magic
  6819 | D:6      | Reached XP level 8. HP: 36/36 MP: 14/19
  6834 | D:6      | Reached skill level 7 in Spellcasting
  6964 | D:6      | Found an opulent altar of Gozag.
  6991 | D:6      | Became a worshipper of Gozag Ym Sagoz the Greedy
  7322 | D:6      | Noticed Menkaure
  7324 | D:6      | Killed Menkaure
  7382 | D:6      | Found a bloodstained altar of Trog.
  7385 | D:6      | Reached skill level 8 in Spellcasting
  7605 | D:6      | Found a staircase to the Ecumenical Temple.
  7853 | Temple   | Entered the Ecumenical Temple
  7875 | D:7      | Noticed Maggie
  7932 | D:7      | Learned a level 3 spell: Mephitic Cloud
  7947 | D:7      | Found a transporter.
  7954 | D:7      | Noticed a moth of wrath
  7964 | D:7      | Reached skill level 5 in Conjurations
  7986 | D:7      | Noticed an eight-headed hydra
  7993 | D:7      | Noticed Loveship's ghost (weakling FoAM)
  8077 | D:7      | Found a transporter.
  8085 | D:7      | Noticed a komodo dragon
  8090 | D:7      | Killed a komodo dragon
  8091 | D:7      | Reached XP level 9. HP: 28/39 MP: 14/22
  8246 | D:7      | You fall into a shaft and drop 1 floor!
  8421 | D:7      | Reached skill level 9 in Spellcasting
  8763 | D:8      | Found a broken altar of Ashenzari.
  8847 | D:8      | Found a shadowy altar of Dithmenos.
  9289 | D:8      | Reached skill level 10 in Spellcasting
  9856 | D:8      | Noticed Psyche
  9861 | D:8      | Killed Psyche
  9864 | D:8      | Reached XP level 10. HP: 35/44 MP: 14/25
 10337 | D:9      | Noticed an orange demon
 10391 | D:9      | Noticed Erolcha
 10411 | D:9      | Killed from afar by Erolcha

Illustrated notes

Levels and vault maps discovered:
D:1:      sevenhm_arrival_forest_fort_large_4, layout_basic,
          chequers_ecumenical_altar_grove, minmay_tetromino_t4
D:2:      layout_loops_corners, uniq_jessica
D:3:      layout_basic, gammafunk_ghost_nasty_kobolds,
          chequers_serial_rivers_small_3, minivault_4
D:4:      layout_loops_ring, old_standard_altar, kennysheep_little_box,
          nicolae_stop_n_shop_1, nicolae_shop_clearance,
          uniq_crazy_yiuf_cottage, uniq_ijyb, uniq_eustachio
D:5:      layout_layer_cave, serial_shops, nicolae_shop_behind_doors,
          grunt_decor_cap
D:6:      layout_basic, trog_ov_bears_minmay, mainiacjoe_overflow_chevrons,
          minmay_temple_entry_enclosed_plants, uniq_menkaure
D:7:      layout_basic, gammafunk_ghost_berserking_beasts, uniq_maggie
D:8:      layout_loops_ring, mainiacjoe_overflow_divided_tiny, uniq_psyche
D:9:      layout_loops_cross, nicolae_overflow_crystal_walls, lair_entry_dummy,
          kennysheep_generic_room_15, uniq_erolcha, uniq_grum, uniq_amaemon
Temple:   nicolae_temple_ecumenical_triangle

Skill      XL: |  1  2  3  4  5  6  7  8  9 |
---------------+----------------------------+-----
Spellcasting   | 3 4 5 6 8 10 | 10.4
Conjurations   | 1 2 3 4 5 6 |  6.4
Air Magic      | 3 4 5 6 8 |  8.2
Dodging        | |  2.6
Stealth        | |  3.0

Action                   |  1- 3 |  4- 6 |  7- 9 | 10-12 || total
-------------------------+-------+-------+-------+-------++-------
Melee: Short sword       |       |       |     3 |       ||     3
 Cast: Shock             |    61 |    97 |    92 |     5 ||   255
       Static Discharge  |     3 |    12 |    37 |     3 ||    55
       Airstrike         |       |       |    42 |     5 ||    47
       Mephitic Cloud    |       |       |     1 |       ||     1
  Use: Scroll            |       |     5 |     5 |     3 ||    13
       Potion            |       |       |     1 |       ||     1
 Stab: Distracted        |       |       |     1 |       ||     1
       Sleeping          |       |       |     1 |       ||     1
Armor: Robe              |     1 |     2 |     7 |       ||    10
Dodge: Dodged            |     3 |     8 |    36 |     1 ||    48
Block: Other             |       |     2 |    11 |       ||    13
       Reflection        |       |     2 |     1 |       ||     3
